 Dungeon Crawl Stone Soup version 0.24.0-13-gcf9b3192b9 (webtiles) character file.

Game seed: 8083429671001100704, levelgen mode: deterministic

63 Metae the Skirmisher (level 4, 0/37 HPs)
             Began as a Merfolk Skald on Nov 6, 2019.
             Slain by an adder (2 damage)
             ... on level 1 of the Dungeon.
             The game lasted 00:16:00 (1618 turns).

Metae the Skirmisher (Merfolk Skald)                Turns: 1618, Time: 00:16:01

Health: 0/37       AC:  4    Str: 12    XL:     4   Next: 10%
Magic:  7/7        EV: 12    Int: 12    God:
Gold:   69         SH:  0    Dex: 13    Spells: 2/7 levels left

rFire    . . .     SeeInvis .   a - +0 spear
rCold    + . .     Gourm    .   (no shield)
rNeg     . . .     Faith    .   b - +0 leather armour
rPois    .         Spirit   .   (no helmet)
rElec    .         Reflect  .   (no cloak)
rCorr    .         Harm     .   e - +0 pair of gloves
MR       .....                  (no boots)
Stlth    +.........             (no amulet)
HPRegen  0.12/turn              h - ring of protection from cold
MPRegen  0.10/turn              (no ring)

@: lethally poisoned (0 -> 0)
A: change form in water, swift swim, stealthy swim
a: no special abilities


You were on level 1 of the Dungeon.
You were not hungry.

You visited 1 branch of the dungeon, and saw 2 of its levels.

You collected 69 gold pieces.

Inventory:

Hand Weapons
 a - a +0 spear (weapon)
 c - a +0 dagger
 k - a cursed -1 short sword
 o - a +2 short sword of freezing
Armour
 b - a +0 leather armour (worn)
 e - a +0 pair of gloves (worn)
 g - a +0 robe
Jewellery
 h - a ring of protection from cold (left hand)
Scrolls
 f - a scroll of amnesia {unknown}
 j - a scroll of remove curse
 l - a scroll of random uselessness {unknown}
 n - 3 scrolls of identify
 p - a scroll of enchant weapon {unknown}
Potions
 m - a potion of degeneration
Comestibles
 d - 3 rations
 q - 2 chunks of flesh


   Skills:
 + Level 4.1 Fighting
 - Level 3.0 Polearms
 - Level 0.9 Armour
 - Level 2.7 Dodging
 - Level 2.1 Spellcasting
 - Level 3.6 Charms


You had 2 spell levels left.
You knew the following spells:

 Your Spells              Type           Power        Failure   Level  Hunger
a - Infusion              Chrm           ##..         8%          1    ##.....
b - Song of Slaying       Chrm           ##......     12%         2    ###....
c - Shroud of Golubria    Chrm/Tloc      #.....       24%         2    ###....

Your spell library contained the following spells:

 Spells                   Type           Power        Failure   Level  Hunger
 Regeneration             Chrm/Necr      #.........   43%         3    ####...
 Spectral Weapon          Hex/Chrm       #.......     43%         3    ####...


Dungeon Overview and Level Annotations

Branches:
Dungeon (2/15)

Altars:


Message History

The adder bites you.
* * * LOW HITPOINT WARNING * * *
You are poisoned.
The adder poisons you!
You feel sick. The adder barely misses you.
You feel sick. The adder bites you but does no damage.
You feel sick.
You are too injured to fight recklessly!
You hit the adder.
The adder is almost dead.
The adder barely misses you. The adder closely misses you.
You miss the adder.
The adder is almost dead.
The adder closely misses you.
You closely miss the adder.
The adder is almost dead.
The adder bites you.
You die...

########## #........#
#........# ####
#........##### #..##
#............## ##..##
#.........##..#####..#####
#........@S......##....)..
#........###.###.##.#####.
######.### #..##.##...# ##
#####.## ##.##...##.#
#......# ###.####....####
#......# #......#........
#......###......#........
#........................
#.....................(.(


You could see an adder.

Vanquished Creatures
  A gnoll (D:1)
  An adder (D:1)
  A leopard gecko (D:1)
  A giant cockroach (D:2)
  9 goblins
  3 hobgoblins (D:1)
  4 jackals
  2 ball pythons (D:1)
  4 bats
  2 frilled lizards (D:1)
  10 kobolds
  3 rats
41 creatures vanquished.

Notes
Turn   | Place    | Note
-------+----------+-------------------------------------------
     0 | D:1      | Metae the Merfolk Skald began the quest for the Orb.
     0 | D:1      | Reached XP level 1. HP: 16/16 MP: 3/3
   194 | D:1      | Reached XP level 2. HP: 15/22 MP: 0/5
   437 | D:1      | Reached skill level 3 in Fighting
   437 | D:1      | Reached XP level 3. HP: 17/29 MP: 6/6
   849 | D:1      | Learned a level 2 spell: Song of Slaying
   852 | D:1      | Learned a level 2 spell: Shroud of Golubria
  1408 | D:2      | Reached skill level 4 in Fighting
  1408 | D:2      | Reached XP level 4. HP: 33/37 MP: 4/7
  1618 | D:1      | Slain by an adder

Levels and vault maps discovered:
D:1:      saegor_arrival_simple_c, layout_rooms, chequers_serial_rivers_micro_e,
          kennysheep_decorative_pillar
D:2:      layout_loops_ring, grunt_temple_overflow_forces_of_nature

Skill      XL: |  1  2  3 |
---------------+----------+-----
Fighting       | 3 4 |  4.1
Polearms       | |  3.0
Armour         | |  0.9
Dodging        | |  2.7
Spellcasting   | |  2.1
Charms         | |  3.6

Action                   |  1- 3 |  4- 6 || total
-------------------------+-------+-------++-------
Melee: Spear             |   114 |    30 ||   144
       Tailslap          |     2 |       ||     2
 Cast: Infusion          |    10 |     2 ||    12
       Song of Slaying   |     1 |     1 ||     2
  Use: Scroll            |     2 |       ||     2
       Potion            |       |     1 ||     1
  Eat: Chunk             |     2 |     1 ||     3
Armor: Leather armour    |    38 |    13 ||    51
Dodge: Dodged            |   100 |    24 ||   124
